 Dungeon Crawl Stone Soup version 0.17-a0-1635-gd4e48f1 (webtiles) character file.

10 urechis the Insei (level 2, 0/14 HPs)
             Began as a Vine Stalker Transmuter on Aug 4, 2015.
             Slain by a jackal (2 damage)
             ... on level 1 of the Dungeon.
             The game lasted 00:01:33 (325 turns).

urechis the Insei (Vine Stalker Transmuter)          Turns: 325, Time: 00:01:33

Health: 0/14       AC:  2    Str: 12    XL:     2   Next: 20%
Magic:  0/6        EV: 12    Int: 13    God:
Gold:   55         SH:  0    Dex: 14    Spells: 1 memorised, 4 levels left

rFire  . . .     SeeInvis .       - Unarmed
rCold  . . .     Clarity  .     b - +0 robe
rNeg   . . .     SustAt   .     (no shield)
rPois  .         Gourm    .     (no helmet)
rElec  .         Spirit   +     (no cloak)
rCorr  .         Warding  .     (no gloves)
rMut   .         Stasis   .     (no boots)
MR     .....                    (no amulet)
Stlth  +.........               (no ring)
                                (no ring)

@: not resistant to hostile enchantments, very unstealthy
A: fangs 2, regeneration 1, magic shield, antimagic bite, no device heal 3, rot
immunity
a: no special abilities


You were on level 1 of the Dungeon.
You were not hungry.

You visited 1 branch of the dungeon, and saw 1 of its levels.

You collected 55 gold pieces.

Inventory:

Missiles
 a - 30 arrows
Armour
 b - a +0 robe (worn)
Scrolls
 e - a scroll of magic mapping {unknown}
 f - a scroll of random uselessness {unknown}
 g - 2 scrolls of remove curse {unknown}
 i - a scroll of enchant armour {unknown}
Potions
 h - 2 potions of resistance {unknown}
Books
 c - a book of Changes

   Spells                             Type                      Level
   a - Beastly Appendage              Transmutation                1
   b - Sticks to Snakes               Transmutation                2
   c - Spider Form                    Transmutation/Poison         3
   d - Ice Form                       Ice/Transmutation            4
   e - Blade Hands                    Transmutation                5
Comestibles
 d - a bread ration


   Skills:
 + Level 1.2 Fighting
 - Level 1.5 Dodging
 * Level 3.4 Unarmed Combat
 - Level 2.1 Spellcasting
 - Level 2.0 Transmutations


You had 4 spell levels left.
You knew the following spells:

 Your Spells              Type           Power        Failure   Level  Hunger
a - Beastly Appendage     Trmt           #.....       12%         1    ##.....


Dungeon Overview and Level Annotations

Branches:
Dungeon (1/15)

Altars:


Innate Abilities, Weirdness & Mutations

You have extremely sharp teeth.
Your natural rate of healing is unusually fast.
When hurt, damage is shared between your health and your magic reserves.
Your bite disrupts and absorbs the magic of your enemies.
Potions and wands cannot restore your health.
You are immune to rotting.


Message History

You miss the jackal. Your bite misses the jackal. The jackal bites you.
The jackal barely misses you.
You hit the ooze but do no damage. You bite the ooze, but do no damage.
The jackal bites you. The ooze hits you.
You hit the ooze. You bite the ooze. You drain its power.
You feel invigorated.
The ooze is heavily wounded.
The jackal bites you. The ooze closely misses you.
The jackal bites you but does no damage.
You hit the ooze. Your bite misses the ooze.
The ooze is almost dead.
The jackal bites you.
* * * LOW HITPOINT WARNING * * *
The ooze hits you.
* * * LOW HITPOINT WARNING * * *
The rat bites you.
* * * LOW HITPOINT WARNING * * *
The jackal closely misses you. The ooze closely misses you.
The jackal bites you.
You die...

#...........## #.........##...
#............###.........##...
#.................##..........
###...............##..(.......
#...........................
#...........................
....#######...##........<....
....# #...##.........>...
#.@................
.#######Jh................
..............##..........
.........r....##..........
.....................##...
.......†.##..........##...
........(# ...............
.......... ...............
[...................##....


You could see an ooze, a jackal and a rat.

Vanquished Creatures
  A giant cockroach (D:1)
  2 jackals (D:1)
  3 goblins (D:1)
  3 kobolds (D:1)
  A rat (D:1)
10 creatures vanquished.

Notes
Turn   | Place    | Note
--------------------------------------------------------------
     0 | D:1      | urechis the Vine Stalker Transmuter began the quest for the Orb.
     0 | D:1      | Reached XP level 1. HP: 9/9 MP: 4/4
    24 | D:1      | Reached skill level 1 in Fighting
   269 | D:1      | Reached XP level 2. HP: 11/14 MP: 3/6
   325 | D:1      | Slain by a jackal

Vault maps used:
D:1:      dpeg_arrival_stonehenge_8_columns

Action                   || total
-------------------------++-------
Melee: Unarmed           ||    43
